 Dungeon Crawl Stone Soup version 0.29-a0-847-g24c0ca63c9 (webtiles) character file.

Game seed: 4021740923123562049

25 Nedwor the Cudgeller (level 2, 22/22 HPs)
             Began as a Demonspawn Gladiator on July 11, 2022.
             Quit the game on level 1 of the Dungeon on July 16, 2022.
             The game lasted 00:01:29 (1116 turns).

Nedwor the Cudgeller (Demonspawn Gladiator)         Turns: 1116, Time: 00:01:29

Health: 22/22      AC:  4    Str: 14    XL:     2   Next: 82%
Magic:  2/2        EV: 12    Int:  9    God:
Gold:   63         SH:  0    Dex: 14    Spells: 1/1 levels left

rFire   . . .      SeeInvis .   a - +0 flail
rCold   . . .      Faith    .   (no shield)
rNeg    . . .      Spirit   .   b - +0 leather armour
rPois   .          Reflect  .   c - +0 helmet
rElec   .          Harm     .   (no cloak)
rCorr   .          Rampage  .   (no gloves)
Will    .....                   (no boots)
Stlth   +.........              (no amulet)
HPRegen 0.07/turn               (no ring)
MPRegen 0.08/turn               (no ring)

@: no status effects
A: claws 1
a: no special abilities


You were on level 1 of the Dungeon.
You visited 1 branch of the dungeon, and saw 1 of its levels.

You collected 63 gold pieces.

Inventory:

Hand Weapons
 a - a +0 flail (weapon)
Missiles
 d - 3 throwing nets (quivered)
 e - a javelin
Armour
 b - a +0 leather armour (worn)
 c - a +0 helmet (worn)
Scrolls
 f - 2 scrolls of teleportation {unknown}
 h - a scroll of blinking {unknown}
 i - a scroll of immolation {unknown}
 j - a scroll of identify {unknown}
 m - a scroll of amnesia {unknown}
Potions
 g - a potion of curing {unknown}
 k - a potion of attraction {unknown}
 l - a potion of magic {unknown}
 n - a potion of heal wounds {unknown}


   Skills:
 + Level 2.3 Fighting
 * Level 3.1 Maces & Flails
 - Level 1.7 Throwing
 + Level 0.8 Armour
 + Level 2.9 Dodging


You had one spell level left.
You didn't know any spells.
Your spell library was empty.

Dungeon Overview and Level Annotations

Branches:
Dungeon (1/15)

Altars:


Innate Abilities, Weirdness & Mutations

You have sharp fingernails.


Message History

There is a stone staircase leading down here.
You open the door.
A bat comes into view.
Found 10 gold pieces.
There is an open door here.
You closely miss the bat. The bat closely misses you.
The bat barely misses you.
A bat is nearby!
You hit the bat.
You kill the bat!
No target in view!
You now have 63 gold pieces (gained 10).
You open the door.
A ball python comes into view.
There is an open door here.
A ball python is nearby!
You hit the ball python.
You kill the ball python!
No target in view!
No target in view!
There is an open door here.
There is an open door here.
You see here a stone.
Found a stone staircase leading down.
No target in view!
No target in view!
You open the door.
There is an open door here.
Key pressed, stopping explore.
No target in view!
Key pressed, stopping explore.
No target in view!
No target in view!
You see here 4 stones.
Key pressed, stopping explore.
No target in view!
No target in view!
Welcome back, Nedwor the Demonspawn Gladiator.
Press ? for a list of commands and other information.
Are you sure you want to abandon this character and quit the game? (Confirm with "yes".)

.#.#
####.###..........†.†#).#.
.#.# #.#
#######.####.#.##.# ...#
#.#### ### #)#.##.# ####
#.##.# #.)#..#. #....#
#.#.##.# ####.# #.......
#.# ####..#. #.#########
##... #..@....... ..##
########### ##.# #


There were no monsters in sight!

Vanquished Creatures
  3 endoplasms (D:1)
  A giant cockroach (D:1)
  4 goblins (D:1)
  2 hobgoblins (D:1)
  4 kobolds (D:1)
  2 quokkas (D:1)
  3 ball pythons (D:1)
  A bat (D:1)
  2 frilled lizards (D:1)
  3 rats (D:1)
25 creatures vanquished.

Notes
Turn   | Place    | Note
-------+----------+-------------------------------------------
     0 | D:1      | Nedwor the Demonspawn Gladiator began the quest for the
                  | Orb.
     0 | D:1      | Reached XP level 1. HP: 16/16 MP: 1/1
   261 | D:1      | Gained mutation: You have sharp fingernails. [demonic
                  | ancestry]
   261 | D:1      | Reached XP level 2. HP: 20/22 MP: 2/2
   278 | D:1      | Reached skill level 3 in Maces & Flails
   334 | D:1      | Found a faded altar of an unknown god.
   337 | D:1      | Upgraded the game from 0.29-a0-825-g72347fce65 to
                  | 0.29-a0-847-g24c0ca63c9
  1116 | D:1      | Quit the game

Illustrated notes

Levels and vault maps discovered:
D:1:      lemuel_arrival_broad_hall, layout_basic,
          hellmonk_ecumenical_altar_arch_garden, minmay_small_reverse_x

Skill      XL: |  1  2 |
---------------+-------+-----
Maces & Flails | 3 |  3.1
Fighting       | |  2.3
Throwing       | |  1.7
Armour         | |  0.8
Dodging        | |  2.9

Action                   || total
-------------------------++-------
Melee: Flail             ||    47
 Stab: Sleeping          ||     1
Armor: Leather armour    ||    16
Dodge: Dodged            ||    17

Table legend: (Time is in decaauts)
 A = Elapsed time spent in this place.
 B = Non-inter-level travel time spent in this place.
 C = Inter-level travel time spent in this place.
 D = Time resting spent in this place.
 E = Time spent auto-exploring this place.
 F = Levels seen in this place.
 G = Mean time per level.
                   A        B        C        D        E       F      G
               +--------+--------+--------+--------+--------+-----+--------+
         Total |   1128 |   1128 |      0 |      0 |    988 |   1 | 1128.0 |
       Dungeon |   1128 |   1128 |      0 |      0 |    988 |   1 | 1128.0 |
               +--------+--------+--------+--------+--------+-----+--------+

Top non-repeatable levels by time:
     D:1: 1128 daAuts
